IL
COLUMBUS CLIPPERS @ DURHAM BULLS
07/24/2098
 
TOP OF THE 1ST
Columbus Clippers batting - Pitching for Durham Bulls : RHP Dusty Clemence
Pitching: RHP Dusty Clemence
Batting: RHB John Walko 0-0: Foul Ball, location: 2F
0-1: Ball
1-1: Foul Ball, location: 2F
1-2: Ball
2-2: Ball
3-2: Ground out 1-3 (Groundball, 15, EV 69.4 MPH)
Batting: RHB Alex Avelar 0-0: Ball
1-0: Ball
2-0: Foul Ball, location: 2F
2-1: Ground out 4-3 (Groundball, 4M, EV 90.6 MPH)
Batting: LHB Zachary Moody 0-0: Foul Ball, location: 7LSF
0-1: Ground out U3 (Groundball, 3, EV 91.9 MPH)
Top of the 1st over - 0 runs, 0 hits, 0 errors, 0 left on base; Columbus 0 - Durham 0
BOTTOM OF THE 1ST
Durham Bulls batting - Pitching for Columbus Clippers : LHP Dale Tatem
Pitching: LHP Dale Tatem
Batting: LHB Dave Gonzales 0-0: Called Strike
0-1: Ball
1-1: Fly out, F7 (Flyball, 7D, EV 109.4 MPH)
Batting: RHB Mel Garcia 0-0: Ball
1-0: Ball
2-0: Ball
3-0: Called Strike
3-1: Foul Ball, location: 2F
3-2: Base on Balls
Batting: RHB Pat Zinn 0-0: Ball
1-0: Foul Ball, location: 9LMF
1-1: Ball
2-1: Swinging Strike
2-2: Strikes out swinging
Batting: RHB Joe Phillips 0-0: Called Strike
0-1: Ball
Wild Pitch!
Mel Garcia to second
1-1: Swinging Strike
1-2: Ball
2-2: Ball
3-2: Foul Ball, location: 5F
3-2: Ground out 6-3 (Groundball, 6S, EV 68.8 MPH)
Bottom of the 1st over - 0 runs, 0 hits, 0 errors, 1 left on base; Columbus 0 - Durham 0
TOP OF THE 2ND
Columbus Clippers batting - Pitching for Durham Bulls : RHP Dusty Clemence
Batting: LHB Victor Zavala 0-0: SINGLE (Flyball, 78S, EV 85.6 MPH) - OUT at second base trying to stretch hit.
Batting: RHB Bill Meller 0-0: Ball
1-0: Called Strike
1-1: Ball
2-1: Ball
3-1: Base on Balls
Batting: RHB Chris Hubert 0-0: Ball
1-0: Foul Ball, location: 9LMF
1-1: SINGLE (Line Drive, 78M, EV 106.9 MPH)
Bill Meller to second
Batting: RHB Tyler O'Brien 0-0: Ball
1-0: Called Strike
1-1: Foul Ball, location: 9LMF
1-2: Foul Ball, location: 9LSF
1-2: Ball
2-2: Ball
3-2: Fly out, F6 (Popup, 6M, EV 66.3 MPH)
Batting: RHB Bill Foulon 0-0: Ball
1-0: Ball
2-0: Called Strike
2-1: Foul Ball, location: 2F
2-2: Strikes out looking
Top of the 2nd over - 0 runs, 2 hits, 0 errors, 2 left on base; Columbus 0 - Durham 0
BOTTOM OF THE 2ND
Durham Bulls batting - Pitching for Columbus Clippers : LHP Dale Tatem
Batting: RHB Edgar Rivas 0-0: Ball
1-0: Fly out, F4 (Popup, 4S, EV 68.8 MPH)
Batting: SHB Willie Torres 0-0: Called Strike
0-1: Ball
1-1: Swinging Strike
1-2: Ball
2-2: Ball
3-2: Base on Balls
Batting: RHB A.J. Adair 0-0: Ball
1-0: Swinging Strike
1-1: Called Strike
1-2: Ball
2-2: Ball
3-2: SINGLE (Groundball, 34D, EV 109.4 MPH)
Willie Torres to second
Runner from 2nd tries for 3rd, SAFE, no throw by RF
Batting: LHB Bettino Sanguinacco 0-0: Called Strike
0-1: Foul Ball, location: 2F
0-2: Ball
1-2: Grounds into double play, 4-6-3 (Groundball, 34D, EV 98.1 MPH)
Bottom of the 2nd over - 0 runs, 1 hit, 0 errors, 1 left on base; Columbus 0 - Durham 0
TOP OF THE 3RD
Columbus Clippers batting - Pitching for Durham Bulls : RHP Dusty Clemence
Batting: RHB Trevor Vallee 0-0: Called Strike
0-1: Called Strike
0-2: Ball
1-2: Ball
2-2: Foul Ball, location: 9LMF
2-2: Ball
3-2: Base on Balls
Batting: RHB John Walko 0-0: Swinging Strike
0-1: Foul Ball, location: 9LDF
0-2: Ball
1-2: Strikes out swinging
Batting: RHB Alex Avelar 0-0: Ball
1-0: SINGLE (Groundball, 4MD, EV 94.4 MPH)
Trevor Vallee to second
Batting: LHB Zachary Moody 0-0: Fly out, F9 (Flyball, 89D, EV 91.3 MPH)
Batting: LHB Victor Zavala 0-0: Ball
1-0: Ball
2-0: Ball
3-0: Called Strike
3-1: Called Strike
3-2: Base on Balls
Trevor Vallee to third
Alex Avelar to second
Batting: RHB Bill Meller 0-0: Called Strike
0-1: SINGLE (Line Drive, 7LS, EV 96.9 MPH)
Trevor Vallee scores
Alex Avelar to third
Victor Zavala to second
Runner from 3rd tries for Home, SAFE, throw by LF to home
Batting: RHB Chris Hubert 0-0: Ball
1-0: Swinging Strike
1-1: Ball
2-1: Foul Ball, location: 2F
2-2: Strikes out swinging
Top of the 3rd over - 2 runs, 2 hits, 0 errors, 2 left on base; Columbus 2 - Durham 0
BOTTOM OF THE 3RD
Durham Bulls batting - Pitching for Columbus Clippers : LHP Dale Tatem
Batting: RHB Mark Fousek 0-0: Called Strike
0-1: SINGLE (Groundball, 34D, EV 94.4 MPH)
Batting: LHB Dave Gonzales 0-0: Foul Ball, location: 2F
0-1: Called Strike
0-2: Strikes out looking
Batting: RHB Mel Garcia 0-0: Ball
1-0: Foul Ball, location: 2F
1-1: Ball
2-1: Ball
3-1: Foul Ball, location: 2F
3-2: Strikes out looking
Batting: RHB Pat Zinn 0-0: Ball
1-0: Ball
2-0: Foul Ball, location: 23F
2-1: Ball
3-1: Base on Balls
Mark Fousek to second
Batting: RHB Joe Phillips 0-0: Called Strike
0-1: Foul Ball, location: 2F
0-2: Ball
1-2: Ball
2-2: 3-RUN HOME RUN (Flyball, 89XD, EV 100.6 MPH), Distance : 392 ft
Batting: RHB Edgar Rivas 0-0: Ball
1-0: Called Strike
1-1: Fly out, F9 (Flyball, 89M, EV 89.4 MPH)
Bottom of the 3rd over - 3 runs, 2 hits, 0 errors, 0 left on base; Columbus 2 - Durham 3
TOP OF THE 4TH
Columbus Clippers batting - Pitching for Durham Bulls : RHP Dusty Clemence
Batting: RHB Tyler O'Brien 0-0: Ball
1-0: Ball
2-0: Ball
3-0: Swinging Strike
3-1: Foul Ball, location: 9LMF
3-2: Foul Ball, location: 25F
3-2: Ground out 4-3 (Groundball, 4, EV 105.0 MPH)
Batting: RHB Bill Foulon 0-0: Ball
1-0: Ground out 5-3 (Groundball, 5S, EV 73.1 MPH)
Batting: RHB Trevor Vallee 0-0: Called Strike
0-1: Ball
1-1: Swinging Strike
1-2: Ball
2-2: Fly out, F9 (Flyball, 89S, EV 80.0 MPH)
Top of the 4th over - 0 runs, 0 hits, 0 errors, 0 left on base; Columbus 2 - Durham 3
BOTTOM OF THE 4TH
Durham Bulls batting - Pitching for Columbus Clippers : LHP Dale Tatem
Batting: SHB Willie Torres 0-0: Ball
1-0: Ball
2-0: Ball
3-0: Called Strike
3-1: Base on Balls
Batting: RHB A.J. Adair 0-0: Ball
1-0: Ball
2-0: Ball
3-0: Called Strike
3-1: Fly out, F8 (Line Drive, 8LM, EV 95.6 MPH)
Batting: LHB Bettino Sanguinacco 0-0: Called Strike
0-1: Swinging Strike
0-2: Strikes out swinging
Batting: RHB Mark Fousek 0-0: Ball
1-0: Ball
2-0: Called Strike
2-1: SINGLE (Groundball, 34D, EV 105.6 MPH)
Willie Torres to second
Runner from 2nd tries for 3rd, SAFE, no throw by RF
Batting: LHB Dave Gonzales 0-0: Called Strike
0-1: Ground out 4-3 (Groundball, 4, EV 83.8 MPH)
Bottom of the 4th over - 0 runs, 1 hit, 0 errors, 2 left on base; Columbus 2 - Durham 3
TOP OF THE 5TH
Columbus Clippers batting - Pitching for Durham Bulls : RHP Dusty Clemence
Batting: RHB John Walko 0-0: Ground out 5-3 (Groundball, 56S, EV 68.8 MPH)
Batting: RHB Alex Avelar 0-0: Ball
1-0: Fly out, F8 (Line Drive, 8LD, EV 91.3 MPH)
Batting: LHB Zachary Moody 0-0: Called Strike
0-1: Ball
1-1: Swinging Strike
1-2: Strikes out looking
Top of the 5th over - 0 runs, 0 hits, 0 errors, 0 left on base; Columbus 2 - Durham 3
BOTTOM OF THE 5TH
Durham Bulls batting - Pitching for Columbus Clippers : LHP Dale Tatem
Batting: RHB Mel Garcia 0-0: Ball
1-0: Ball
2-0: Foul Ball, location: 9LDF
2-1: Called Strike
2-2: Strikes out swinging
Batting: RHB Pat Zinn 0-0: Ball
1-0: Swinging Strike
1-1: Foul Ball, location: 2F
1-2: Ball
2-2: Foul Ball, location: 3SF
2-2: SOLO HOME RUN (Flyball, 7D, EV 98.8 MPH), Distance : 359 ft
Batting: RHB Joe Phillips 0-0: Fly out, F8 (Line Drive, 8RS, EV 87.5 MPH)
Batting: RHB Edgar Rivas 0-0: Foul Ball, location: 2F
0-1: Fly out, F8 (Flyball, 89M, EV 92.5 MPH)
Bottom of the 5th over - 1 run, 1 hit, 0 errors, 0 left on base; Columbus 2 - Durham 4
TOP OF THE 6TH
Columbus Clippers batting - Pitching for Durham Bulls : RHP Dusty Clemence
Batting: LHB Victor Zavala 0-0: Called Strike
0-1: Ball
1-1: Ground out 4-3 (Groundball, 4, EV 100.0 MPH)
Batting: RHB Bill Meller 0-0: Ball
1-0: Called Strike
1-1: Called Strike
1-2: Ball
2-2: Ground out 6-3 (Groundball, 6M, EV 81.3 MPH)
Batting: RHB Chris Hubert 0-0: Ball
1-0: Foul Ball, location: 5SF
1-1: Ball
2-1: Ball
3-1: Swinging Strike
3-2: Strikes out swinging
Top of the 6th over - 0 runs, 0 hits, 0 errors, 0 left on base; Columbus 2 - Durham 4
BOTTOM OF THE 6TH
Durham Bulls batting - Pitching for Columbus Clippers : LHP Dale Tatem
Batting: SHB Willie Torres 0-0: Foul Ball, location: 3F
0-1: Foul Ball, location: 7LSF
0-2: Foul Ball, location: 2F
0-2: SINGLE (Groundball, 6MD, EV 97.5 MPH)
Batting: RHB A.J. Adair 0-0: Foul Ball, location: 25F
0-1: Fly out, F9 (Flyball, 9, EV 88.8 MPH)
Batting: LHB Bettino Sanguinacco 0-0: Called Strike
0-1: Ball
1-1: Foul Ball, location: 3F
1-2: Fly out, F2 (Popup, 23F, EV 88.1 MPH)
Batting: RHB Mark Fousek 0-0: Ball
1-0: Swinging Strike
1-1: Foul Ball, location: 3DF
1-2: Strikes out swinging
Bottom of the 6th over - 0 runs, 1 hit, 0 errors, 1 left on base; Columbus 2 - Durham 4
TOP OF THE 7TH
Columbus Clippers batting - Pitching for Durham Bulls : RHP Dusty Clemence
Batting: RHB Tyler O'Brien 0-0: Called Strike
0-1: Ball
1-1: Foul Ball, location: 7LMF
1-2: Ball
2-2: Ground out 6-3 (Groundball, 6, EV 78.1 MPH)
Batting: RHB Bill Foulon 0-0: Fly out, F9 (Flyball, 9S, EV 78.8 MPH)
Batting: RHB Trevor Vallee 0-0: Ball
1-0: Called Strike
1-1: SOLO HOME RUN (Line Drive, 7D, EV 93.1 MPH), Distance : 370 ft
Batting: RHB John Walko 0-0: Called Strike
0-1: SINGLE (Groundball, 6MD, EV 97.5 MPH)
Batting: RHB Alex Avelar 0-0: Ball
1-0: Ball
2-0: Called Strike
2-1: Swinging Strike
2-2: Fly out, F8 (Flyball, 8RD, EV 96.9 MPH)
Top of the 7th over - 1 run, 2 hits, 0 errors, 1 left on base; Columbus 3 - Durham 4
BOTTOM OF THE 7TH
Durham Bulls batting - Pitching for Columbus Clippers : LHP Dale Tatem
Batting: LHB Dave Gonzales 0-0: Ball
1-0: Swinging Strike
1-1: Ball
2-1: DOUBLE (Groundball, 5L, EV 100.6 MPH)
Pitching: RHP Miguel Vera
Batting: RHB Mel Garcia 0-0: Called Strike
0-1: Ball
1-1: Ball
2-1: Foul Ball, location: 2F
2-2: Ball
Wild Pitch!
Dave Gonzales to third
3-2: Foul Ball, location: 5FF
3-2: Single, Error in OF, E7, batter to second base (Groundball, 56D, EV 96.3 MPH)
Dave Gonzales scores
Batting: RHB Pat Zinn 0-0: Intentional Walk
Batting: RHB Joe Phillips 0-0: Swinging Strike
0-1: Ball
1-1: Foul Ball, location: 2F
1-2: Ball
2-2: Strikes out swinging
Batting: RHB Edgar Rivas 0-0: SINGLE (Groundball, 6MD, EV 108.1 MPH)
Mel Garcia to third
Pat Zinn to second
Batting: SHB Willie Torres 0-0: Ball
1-0: Ball
2-0: Swinging Strike
2-1: Ball
3-1: Called Strike
3-2: Base on Balls
Mel Garcia scores
Pat Zinn to third
Edgar Rivas to second
Batting: RHB A.J. Adair 0-0: Ball
1-0: Ball
2-0: Foul Ball, location: 2F
2-1: Ball
3-1: SINGLE (Groundball, 34D, EV 100.0 MPH)
Pat Zinn scores
Edgar Rivas to third
Willie Torres to second
Batting: LHB Bettino Sanguinacco 0-0: Ball
1-0: Called Strike
1-1: SINGLE (Groundball, 4MD, EV 95.6 MPH)
Edgar Rivas scores
Willie Torres to third
A.J. Adair to second
Batting: RHB Mark Fousek 0-0: Ball
1-0: Called Strike
1-1: Foul Ball, location: 23F
1-2: Fly out, F5 (Popup, 5F, EV 80.0 MPH)
Batting: LHB Dave Gonzales 0-0: Called Strike
0-1: SINGLE (Line Drive, 7S, EV 88.8 MPH)
Willie Torres scores
A.J. Adair to third
Bettino Sanguinacco to second
Runner from 3rd tries for Home, SAFE, throw by LF to home
Pitching: RHP Tommy Diamond
Batting: RHB Mel Garcia 0-0: Ball
1-0: Ball
2-0: Ball
3-0: Called Strike
3-1: Fly out, F6 (Popup, 6M, EV 56.3 MPH)
Bottom of the 7th over - 6 runs, 6 hits, 1 error, 2 left on base; Columbus 3 - Durham 10
TOP OF THE 8TH
Columbus Clippers batting - Pitching for Durham Bulls : RHP Dusty Clemence
Pitching: RHP Gregg Peterson
Batting: LHB Zachary Moody 0-0: Called Strike
0-1: SINGLE (Line Drive, 4D, EV 105.0 MPH)
Batting: LHB Victor Zavala 0-0: Ball
1-0: Foul Ball, location: 9LMF
1-1: Ball
2-1: Ball
3-1: Base on Balls
Zachary Moody to second
Batting: RHB Bill Meller 0-0: Swinging Strike
0-1: Ball
1-1: Foul Ball, location: 9LDF
1-2: Ball
2-2: Foul Ball, location: 9LSF
2-2: SINGLE (Groundball, 56D, EV 103.1 MPH)
Zachary Moody to third
Victor Zavala to second
Batting: RHB Chris Hubert 0-0: Called Strike
0-1: Ball
1-1: Foul Ball, location: 5F
1-2: Strikes out swinging
Pinch Hitting: LHB Steve Hans 0-0: Called Strike
0-1: Ball
1-1: Ball
2-1: Ball
3-1: SINGLE (Groundball, 15S, EV 68.8 MPH) (infield hit)
Zachary Moody scores
Victor Zavala to third
Bill Meller to second
Batting: RHB Bill Foulon 0-0: Swinging Strike
0-1: Ball
1-1: Called Strike
1-2: Ball
2-2: Strikes out looking
Batting: RHB Trevor Vallee 0-0: Swinging Strike
0-1: Called Strike
0-2: Ball
1-2: Foul Ball, location: 2F
1-2: Foul Ball, location: 5FF
1-2: Strikes out looking
Top of the 8th over - 1 run, 3 hits, 0 errors, 3 left on base; Columbus 4 - Durham 10
BOTTOM OF THE 8TH
Durham Bulls batting - Pitching for Columbus Clippers : RHP Tommy Diamond
Now at 2B: Steve Hans
Batting: RHB Pat Zinn 0-0: Called Strike
0-1: Ball
1-1: Swinging Strike
1-2: Foul Ball, location: 2F
1-2: Ball
2-2: Strikes out swinging
Batting: RHB Joe Phillips 0-0: Called Strike
0-1: Swinging Strike
0-2: Ball
1-2: Ball
2-2: Foul Ball, location: 5SF
2-2: Ball
3-2: Strikes out swinging
Batting: RHB Edgar Rivas 0-0: Called Strike
0-1: Swinging Strike
0-2: Strikes out swinging
Bottom of the 8th over - 0 runs, 0 hits, 0 errors, 0 left on base; Columbus 4 - Durham 10
TOP OF THE 9TH
Columbus Clippers batting - Pitching for Durham Bulls : RHP Gregg Peterson
Batting: RHB John Walko 0-0: Ball
1-0: Foul Ball, location: 23F
1-1: Ground out 6-3 (Groundball, 6, EV 84.4 MPH)
Batting: RHB Alex Avelar 0-0: SINGLE (Line Drive, 34, EV 94.4 MPH)
Batting: LHB Zachary Moody 0-0: Ball
1-0: Swinging Strike
1-1: Called Strike
1-2: Ball
2-2: Ball
3-2: Foul Ball, location: 3DF
3-2: Foul Ball, location: 2F
3-2: Strikes out swinging
Alex Avelar is caught stealing 2nd base 2-6
Batter strikes out.
Top of the 9th over - 0 runs, 1 hit, 0 errors, 0 left on base; Columbus 4 - Durham 10
Wednesday, April 10th , 2024 - OOTP Baseball 24.11 Build 85